 Dungeon Crawl Stone Soup version 0.28-a0-114-g2bf3c13a2f (webtiles) character file.

Game seed: 12088081180868598055

90 Rennog the Changer (level 4, -2/29 HPs)
             Began as an Octopode Transmuter on Aug 12, 2021.
             Slain by Grinder (3 damage)
             ... on level 3 of the Dungeon.
             The game lasted 00:03:26 (2594 turns).

Rennog the Changer (Octopode Transmuter)            Turns: 2594, Time: 00:03:26

Health: -2/29      AC:  1    Str: 10    XL:     4   Next: 56%
Magic:  6/8        EV: 13    Int: 15    God:
Gold:   86         SH:  0    Dex: 12    Spells: 2/8 levels left

rFire   . . .      SeeInvis .     - Unarmed
rCold   . . .      Faith    .   (no shield)
rNeg    . . .      Spirit   .   (helmet restricted)
rPois   .          Reflect  .   h - amulet of the acrobat
rElec   .          Harm     .   (no ring)
rCorr   .          Rampage  .   (no ring)
Will    .....                   (no ring)
Stlth   ++........              (no ring)
HPRegen 0.09/turn               (no ring)
MPRegen 0.11/turn               (no ring)
                                (no ring)
                                (no ring)

@: no status effects
A: almost no armour, amphibious, 8 rings, camouflage 1, gelatinous body 1,
(nimble swimmer 1), tentacles
a: no special abilities


You were on level 3 of the Dungeon.
You visited 1 branch of the dungeon, and saw 3 of its levels.

You collected 86 gold pieces.

Inventory:

Jewellery
 h - an amulet of the acrobat (around mantle)
Scrolls
 b - 3 scrolls of identify {unknown}
 c - 3 scrolls of fog {unknown}
 e - a scroll of torment {unknown}
 f - 2 scrolls of amnesia {unknown}
 i - a scroll of noise {unknown}
Potions
 a - a potion of curing {unknown}
 d - a potion of mutation {unknown}
 g - 2 potions of degeneration {unknown}


   Skills:
 + Level 2.0 Fighting
 - Level 2.0 Dodging
 - Level 3.1 Unarmed Combat
 + Level 2.6 Spellcasting
 * Level 3.4 Transmutations


You had 2 spell levels left.
You knew the following spells:

 Your Spells              Type           Power      Damage    Failure   Level
a - Beastly Appendage     Tmut           24%        N/A       4%          1
b - Wereblood             Tmut           12%        N/A       8%          2
c - Spider Form           Tmut/Pois      3%         N/A       30%         3

Your spell library contained the following spells:

 Spells                   Type           Power      Damage    Failure   Level
 Ozocubu's Armour         Ice            2%         N/A       52%         3
 Ice Form                 Ice/Tmut       7%         N/A       71%         4
 Metabolic Englaciation   Hex/Ice        1%         N/A       99%         5
 Simulacrum               Ice/Necr       1%         N/A       100%        6


Dungeon Overview and Level Annotations

Branches:
Dungeon (3/15)

Altars:

Annotations:
D:3 Grinder


Innate Abilities, Weirdness & Mutations

You cannot wear most types of armour.
You are amphibious.
You can wear up to eight rings at the same time.
Your skin changes colour to match your surroundings (Stealth+).
Your rubbery body absorbs attacks. (AC +1, EV +1)
((You are camouflaged near water. (Stealth+)))
You have tentacles for arms and can constrict up to eight enemies at once.


Message History

Grinder shouts!
You hit Grinder.
Grinder is lightly wounded.
Grinder barely misses you.
You barely miss Grinder.
Grinder is lightly wounded.
You hit Grinder but do no damage.
Grinder is lightly wounded.
Grinder completely misses you.
You barely miss Grinder.
Grinder is lightly wounded.
Your transformation is almost over.
Grinder closely misses you.
You hit Grinder but do no damage.
Grinder is lightly wounded.
Grinder zaps a wand.
You resist with some effort.
You hit Grinder but do no damage.
Grinder is lightly wounded.
Grinder zaps a wand.
You resist with some effort.
You barely miss Grinder.
Grinder is lightly wounded.
Grinder gestures at you.
You suddenly lose the ability to move!
Grinder hits you.
You writhe in agony.
Grinder hits you!
You writhe in agony.
Grinder gestures at you. Pain shoots through your body!
* * * LOW HITPOINT WARNING * * *
Grinder zaps a wand.
You resist with some effort.
Grinder zaps a wand.
You resist with some effort.
Grinder zaps a wand.
You resist with some effort.
Your transformation has ended.
Grinder gestures at you. Pain shoots through your body!
* * * LOW HITPOINT WARNING * * *
You can move again.
Grinder hits you.
* * * LOW HITPOINT WARNING * * *
You writhe in agony.
You die...

#
#######+#.##
#.....5@...#
#..........#
#..........#
#..........#
#..........#
#..........#
#..........#
#.........$#


You could see Grinder.

Vanquished Creatures
  Terence (D:2)
  3 adders (D:2)
  5 dart slugs
  3 bats (D:1)
  3 endoplasms (D:2)
  2 hobgoblins
  3 jackals (D:1)
  A quokka (D:1)
  2 ball pythons
  A frilled lizard (D:1)
  2 goblins
  4 kobolds
  2 rats (D:1)
32 creatures vanquished.

Notes
Turn   | Place    | Note
-------+----------+-------------------------------------------
     0 | D:1      | Rennog the Octopode Transmuter began the quest for the Orb.
     0 | D:1      | Reached XP level 1. HP: 13/13 MP: 3/3
   416 | D:1      | Reached XP level 2. HP: 18/18 MP: 3/5
   960 | D:1      | Found a faded altar of an unknown god.
   978 | D:1      | Reached XP level 3. HP: 14/23 MP: 6/6
  1840 | D:2      | Noticed Terence
  1847 | D:2      | Killed Terence
  1848 | D:2      | Reached XP level 4. HP: 20/29 MP: 5/7
  2562 | D:2      | Learned a level 2 spell: Wereblood
  2566 | D:2      | Learned a level 3 spell: Spider Form
  2578 | D:3      | Noticed Grinder
  2586 | D:3      | Paralysed by Grinder for 7 turns
  2594 | D:3      | HP: 1/29 [Grinder (5)]
  2594 | D:3      | Slain by Grinder

Illustrated notes

Levels and vault maps discovered:
D:1:      dpeg_arrival_arbitrary_a, layout_basic,
          shapermc_ecumenical_altar_notcrosses
D:2:      layout_rooms, hex_medium, uniq_terence
D:3:      layout_basic, overflow_temple_1_default, minivault_26,
          minmay_fractal_squares_5, uniq_robin, uniq_natasha,
          uniq_crazy_yiuf_cottage, uniq_sigmund, uniq_grinder

Skill      XL: |  1  2  3 |
---------------+----------+-----
Transmutations | 3 |  3.4
Fighting       | 2 |  2.0
Dodging        | |  2.0
Unarmed Combat | |  3.1
Spellcasting   | |  2.6

Action                   |  1- 3 |  4- 6 || total
-------------------------+-------+-------++-------
Melee: Unarmed           |    75 |    19 ||    94
       Constrict         |    18 |     4 ||    22
       Kick              |    11 |     1 ||    12
       Tentacles         |     7 |       ||     7
       Punch             |     1 |     1 ||     2
 Cast: Beastly Appendage |    16 |     4 ||    20
       Spider Form       |       |     1 ||     1
 Stab: Sleeping          |     3 |     2 ||     5
       Distracted        |     1 |       ||     1
Armor: Skin              |    10 |       ||    10
Dodge: Dodged            |    62 |     9 ||    71

Table legend: (Time is in decaauts)
 A = Elapsed time spent in this place.
 B = Non-inter-level travel time spent in this place.
 C = Inter-level travel time spent in this place.
 D = Time resting spent in this place.
 E = Time spent auto-exploring this place.
 F = Levels seen in this place.
 G = Mean time per level.
                   A        B        C        D        E       F      G
               +--------+--------+--------+--------+--------+-----+--------+
         Total |   2587 |   2536 |     51 |      0 |   2288 |   3 |  862.3 |
       Dungeon |   2587 |   2536 |     51 |      0 |   2288 |   3 |  862.3 |
               +--------+--------+--------+--------+--------+-----+--------+

Top non-repeatable levels by time:
     D:1: 1420 daAuts
     D:2: 1151 daAuts
     D:3: 15 daAuts
